 Dungeon Sprint DCSS version 0.29.1-1-gd02db6906a (webtiles) character file.

Game seed: 4755976800604221248

9200000 Groucho the Intangible (level 27, -13/174 HPs)
             Began as a Spriggan Abyssal Knight on Oct 2, 2022.
             Was the Champion of Makhleb.
             Killed from afar by a dread (40 damage)
             ... with damnation
             ... in the Dungeon (Sprint VIII: "Arena of Blood").
             The game lasted 00:06:57 (92 turns).

Groucho the Intangible (Spriggan Abyssal Knight)      Turns: 92, Time: 00:06:58

Health: -13/174    AC:  4    Str:  9    XL:     27
Magic:  31/55      EV: 51    Int: 14    God:    Makhleb [******]
Gold:   0          SH:  0    Dex: 27    Spells: 80/80 levels left

rFire   . . .      SeeInvis +   i - +∞ Axe of Woe
rCold   . . .      Faith    .   (shield currently unavailable)
rNeg    . . .      Spirit   .   b - +0 robe
rPois   .          Reflect  .   (helmet restricted)
rElec   .          Harm     .   (no cloak)
rCorr   .          Rampage  .   (gloves unavailable)
Will    ++++.      NoTele   +   (boots unavailable)
Stlth   +++++.....              (no amulet)
HPRegen 0.39/turn               j - +30 ring of slaying
MPRegen 0.34/turn               (no ring)

@: very quick
A: very small, no large weapons, unfitting armour, see invisible, speed 3
a: Renounce Religion, Minor Destruction, Lesser Servant of Makhleb, Major
Destruction, Greater Servant of Makhleb


You were in the Dungeon.
You worshipped Makhleb.
Makhleb was exalted by your worship.
You visited 1 branch

Inventory:

Hand Weapons
 a - a +1 short sword
 i - the +∞ Axe of Woe (weapon)
   (You found it in the Dungeon)
Armour
 b - a +0 robe (worn)
Jewellery
 j - a +30 ring of slaying (left hand)
Scrolls
 h - a scroll of blinking
Potions
 c - a potion of curing
 d - a potion of heal wounds
 e - a potion of haste
 f - 2 potions of magic
 g - a potion of berserk rage


   Skills:
 O Level 27 Fighting
 O Level 27 Short Blades
 + Level 21.1(24.6) Long Blades
 O Level 27 Axes
 + Level 19.6(27) Maces & Flails
 + Level 19.5(27) Polearms
 + Level 19.6(25.3) Staves
 + Level 24.5 Ranged Weapons
 + Level 24.7 Throwing
 O Level 27 Armour
 O Level 27 Dodging
 - Level 8.7 Stealth
 + Level 19.6 Shields
 + Level 26.6 Unarmed Combat
 O Level 27 Spellcasting
 + Level 19.5 Conjurations
 O Level 27 Hexes
 + Level 21.1 Summonings
 + Level 22.8 Necromancy
 O Level 27 Translocations
 O Level 27 Transmutations
 + Level 21.2 Fire Magic
 + Level 21.0 Ice Magic
 + Level 22.8 Air Magic
 + Level 22.8 Earth Magic
 + Level 24.7 Poison Magic
 O Level 27 Invocations
 O Level 27 Evocations


You had 80 spell levels left.
You didn't know any spells.
Your spell library was empty.

Dungeon Overview and Level Annotations

Branches:
Dungeon (1/1)

Altars:
Makhleb


Innate Abilities, Weirdness & Mutations

You are very small and have problems with some larger weapons.
You are too small for most types of armour.
You have supernaturally acute eyesight. (SInv)
You cover ground extremely quickly. (Speed+++)


Message History

You dissect the meat berserker like a pig carcass.
You kill the meat berserker!
Makhleb accepts your kill.
You feel better.
You hit the dread but do no damage.
You hew the dread savagely.
You destroy the dread!
Makhleb accepts your kill.
You hear a shout! x2
The dread calls on the powers of darkness!
The bag of meat convulses! x3; The meat berserker convulses!
Your body is wracked with pain!
* * * LOW HITPOINT WARNING * * *
The large bag of meat convulses!
Flame seeps out of the large bag of meat.
The bag of meat convulses! x4; The eight-headed meat hydra convulses!
You hear a shout! x2
The accursed points at you and mumbles some strange words.
Something smites you!
* * * LOW HITPOINT WARNING * * *
The tyrant casts a spell.
The large bag of meat is engulfed in blazing flames.
The eight-headed meat hydra calls on the powers of darkness!
The eight-headed meat hydra convulses!
The bag of meat convulses! x2
Your body is wracked with pain!
* * * LOW HITPOINT WARNING * * *
The bag of meat convulses! x3; The meat berserker convulses!
Your base Long Blades skill increases to level 21!
Your Summonings skill increases to level 21!
Your Fire Magic skill increases to level 21!
Your Ice Magic skill increases to level 21!
Unknown command.
Unknown command.
You slice the bag of meat!!
You fatally mangle the bag of meat.
You blow up the bag of meat!
Makhleb accepts your kill.
You feel better.
You hear a shout! x2
The dread throws damnation at you.
The sphere of damnation explodes!
The damnation engulfs you!!!
You die...

.o.. .... L..
..... #.. ...# O
#.W ...# .
.o###.. ...###..
○M.M.O.###o......
.OzoWo))_§°......
....#)@°o)#..o. .
#_)°oz# . #.M)))#
....X._D.§.§
.....L###.....V
.###.X ...###o.
#.. 2..# o #..
...# .§ .....


You could see 3 accurseds, a tentacled monstrosity (summoned), 2 tyrants, an
eight-headed meat hydra, 2 sculptors of flesh, 2 large bags of meat, a large
abomination (summoned), 2 dreads, a meat berserker (berserk) and 7 bags of meat.

Vanquished Creatures
  6 hell beasts (D)
  A royal mummy (D)
  2 wraiths (D)
  9 vampire knights (D)
  25 ogres (D)
  3 two-headed ogres (D)
  3 liches (D)
  A hydra (D)
  A phantom (D)
  33 orcs (D)
  4 skeletal warriors (D)
88 creatures vanquished.

Notes
Turn   | Place    | Note
-------+----------+-------------------------------------------
     0 | D        | Found the +∞ Axe of Woe
     0 | D        | Groucho the Spriggan Abyssal Knight began the quest for the
                  | Orb.
     0 | D        | Reached XP level 1. HP: 11/11 MP: 3/3
     2 | D        | Noticed a meat berserker
     4 | D        | Fell from the grace of Lugonu
     4 | D        | Became a worshipper of Makhleb the Destroyer
     4 | D        | Noticed a meat berserker
     5 | D        | Noticed a bag of meat
     7 | D        | Killed a meat berserker
     7 | D        | Noticed a meat berserker
     8 | D        | Reached XP level 2. HP: 16/16 MP: 4/4
     8 | D        | Reached XP level 3. HP: 19/19 MP: 5/5
     8 | D        | Reached XP level 4. HP: 23/23 MP: 6/6
     8 | D        | Reached XP level 5. HP: 27/27 MP: 7/7
     8 | D        | Reached XP level 6. HP: 32/32 MP: 8/8
     8 | D        | Reached XP level 7. HP: 35/35 MP: 9/9
     8 | D        | Reached XP level 8. HP: 39/39 MP: 10/10
     8 | D        | Reached XP level 9. HP: 43/43 MP: 11/11
     8 | D        | Reached XP level 10. HP: 47/47 MP: 12/12
     8 | D        | Reached XP level 11. HP: 51/51 MP: 13/13
     8 | D        | Noticed a bag of meat
     8 | D        | Killed a meat berserker
     8 | D        | Reached * piety under Makhleb
     8 | D        | Noticed a bag of meat
     9 | D        | Reached skill level 27 in Dodging
     9 | D        | Reached XP level 12. HP: 56/56 MP: 14/14
     9 | D        | Reached XP level 13. HP: 59/59 MP: 15/15
    10 | D        | Noticed a bag of meat
    12 | D        | Noticed a bag of meat
    13 | D        | Killed a meat berserker
    14 | D        | Killed a bag of meat
    14 | D        | Killed a bag of meat
    14 | D        | Reached ** piety under Makhleb
    14 | D        | Noticed a meat berserker
    15 | D        | Reached skill level 27 in Axes
    15 | D        | Reached XP level 14. HP: 70/70 MP: 15/20
    15 | D        | Noticed a meat berserker
    15 | D        | Noticed a bag of meat
    16 | D        | Noticed a bag of meat
    16 | D        | Noticed a bag of meat
    17 | D        | Killed a meat berserker
    17 | D        | Killed a bag of meat
    17 | D        | Noticed a meat berserker
    18 | D        | Reached skill level 15 in Invocations
    18 | D        | Reached XP level 15. HP: 86/86 MP: 15/27
    21 | D        | Reached *** piety under Makhleb
    21 | D        | Killed a meat berserker
    22 | D        | Reached **** piety under Makhleb
    23 | D        | Reached XP level 16. HP: 101/101 MP: 16/31
    25 | D        | Killed a meat berserker
    26 | D        | Noticed a meat berserker
    27 | D        | Noticed a destroyer
    27 | D        | Reached ***** piety under Makhleb
    27 | D        | Noticed a meat berserker
    27 | D        | Noticed a large bag of meat
    29 | D        | Noticed a destroyer
    30 | D        | Reached skill level 27 in Invocations
    32 | D        | Killed a destroyer
    32 | D        | Killed a meat berserker
    32 | D        | Killed a meat berserker
    33 | D        | Reached skill level 27 in Fighting
    33 | D        | Reached skill level 10 in Armour
    33 | D        | Reached XP level 17. HP: 121/121 MP: 17/35
    33 | D        | Noticed a sculptor of flesh
    33 | D        | Killed a destroyer
    34 | D        | Reached XP level 18. HP: 127/127 MP: 18/36
    36 | D        | Noticed a sculptor of flesh
    36 | D        | Killed a sculptor of flesh
    36 | D        | Killed a large bag of meat
    36 | D        | Reached ****** piety under Makhleb
    36 | D        | Noticed a destroyer
    37 | D        | Noticed a destroyer
    37 | D        | Noticed a destroyer
    39 | D        | Killed a destroyer
    39 | D        | Killed a sculptor of flesh
    40 | D        | Reached XP level 19. HP: 92/132 MP: 19/37
    42 | D        | Noticed a destroyer
    43 | D        | Killed a destroyer
    46 | D        | Killed a destroyer
    47 | D        | Noticed a meat berserker
    48 | D        | Reached skill level 27 in Armour
    49 | D        | Reached skill level 27 in Short Blades
    49 | D        | Reached skill level 1 in Long Blades
    49 | D        | Reached skill level 1 in Maces & Flails
    49 | D        | Reached skill level 1 in Polearms
    49 | D        | Reached skill level 1 in Staves
    49 | D        | Reached skill level 1 in Ranged Weapons
    49 | D        | Reached skill level 1 in Throwing
    49 | D        | Reached skill level 1 in Shields
    49 | D        | Reached skill level 1 in Conjurations
    49 | D        | Reached skill level 1 in Summonings
    49 | D        | Reached skill level 1 in Necromancy
    49 | D        | Reached skill level 1 in Fire Magic
    49 | D        | Reached skill level 1 in Ice Magic
    49 | D        | Reached skill level 1 in Air Magic
    49 | D        | Reached skill level 1 in Earth Magic
    49 | D        | Reached skill level 1 in Poison Magic
    49 | D        | Reached XP level 20. HP: 137/137 MP: 21/38
    51 | D        | Noticed a tyrant
    52 | D        | Noticed a destroyer
    52 | D        | Noticed a meat berserker
    53 | D        | Killed a meat berserker
    54 | D        | Reached skill level 5 in Hexes
    54 | D        | Reached skill level 5 in Transmutations
    54 | D        | Reached skill level 5 in Evocations
    54 | D        | Killed a tyrant
    54 | D        | Noticed a meat berserker
    55 | D        | Reached skill level 5 in Ranged Weapons
    55 | D        | Reached skill level 5 in Throwing
    55 | D        | Reached skill level 5 in Necromancy
    55 | D        | Reached skill level 5 in Poison Magic
    56 | D        | Noticed a tyrant
    57 | D        | Noticed a meat berserker
    57 | D        | Noticed a meat berserker
    58 | D        | Noticed a large bag of meat
    59 | D        | Killed a meat berserker
    60 | D        | Reached skill level 5 in Long Blades
    60 | D        | Reached skill level 5 in Summonings
    60 | D        | Reached skill level 5 in Fire Magic
    60 | D        | Reached skill level 5 in Ice Magic
    60 | D        | Reached skill level 5 in Air Magic
    60 | D        | Reached skill level 5 in Earth Magic
    60 | D        | Killed a meat berserker
    61 | D        | Reached skill level 5 in Maces & Flails
    61 | D        | Reached skill level 5 in Polearms
    61 | D        | Reached skill level 5 in Staves
    61 | D        | Reached skill level 5 in Shields
    61 | D        | Reached skill level 5 in Conjurations
    61 | D        | Reached skill level 10 in Translocations
    61 | D        | Killed a destroyer
    61 | D        | Killed a meat berserker
    62 | D        | Reached skill level 15 in Spellcasting
    62 | D        | Reached skill level 10 in Hexes
    62 | D        | Reached XP level 21. HP: 142/142 MP: 24/41
    62 | D        | Noticed a meat beast
    65 | D        | Killed a meat beast
    66 | D        | Reached skill level 10 in Necromancy
    66 | D        | Reached skill level 10 in Air Magic
    66 | D        | Reached skill level 10 in Earth Magic
    66 | D        | Reached skill level 15 in Evocations
    67 | D        | Killed a large bag of meat
    68 | D        | Reached skill level 10 in Long Blades
    68 | D        | Reached skill level 10 in Summonings
    68 | D        | Reached skill level 15 in Transmutations
    68 | D        | Reached skill level 10 in Fire Magic
    68 | D        | Reached skill level 10 in Ice Magic
    68 | D        | Reached XP level 22. HP: 97/148 MP: 25/45
    68 | D        | Killed a tyrant
    68 | D        | Noticed a large bag of meat
    68 | D        | Noticed a destroyer
    69 | D        | Reached skill level 10 in Maces & Flails
    69 | D        | Reached skill level 10 in Polearms
    69 | D        | Reached skill level 10 in Staves
    69 | D        | Reached skill level 10 in Shields
    69 | D        | Reached skill level 10 in Conjurations
    69 | D        | Reached skill level 15 in Hexes
    69 | D        | Killed a destroyer
    70 | D        | Reached XP level 23. HP: 141/153 MP: 25/48
    70 | D        | Noticed a meat beast
    70 | D        | Noticed a dread
    71 | D        | Noticed a meat beast
    72 | D        | Noticed a dread
    73 | D        | Reached skill level 15 in Ranged Weapons
    73 | D        | Reached skill level 15 in Throwing
    73 | D        | Reached skill level 15 in Poison Magic
    73 | D        | Killed a meat beast
    74 | D        | Reached skill level 15 in Necromancy
    74 | D        | Reached skill level 15 in Air Magic
    74 | D        | Reached skill level 15 in Earth Magic
    74 | D        | Killed a large bag of meat
    74 | D        | Noticed a tyrant
    75 | D        | Noticed an accursed
    76 | D        | Reached XP level 24. HP: 149/158 MP: 27/50
    76 | D        | Noticed a meat beast
    77 | D        | Killed a meat beast
    77 | D        | Noticed a meat beast
    78 | D        | Reached skill level 15 in Long Blades
    78 | D        | Reached skill level 15 in Summonings
    78 | D        | Reached skill level 15 in Fire Magic
    78 | D        | Reached skill level 15 in Ice Magic
    78 | D        | Noticed a meat beast
    78 | D        | Killed a dread
    79 | D        | Noticed a destroyer
    79 | D        | Noticed an accursed
    80 | D        | Reached skill level 15 in Maces & Flails
    80 | D        | Reached skill level 15 in Polearms
    80 | D        | Reached skill level 15 in Staves
    80 | D        | Reached skill level 15 in Shields
    80 | D        | Reached skill level 15 in Conjurations
    80 | D        | Reached XP level 25. HP: 91/163 MP: 28/52
    80 | D        | Noticed a dread
    81 | D        | Killed a meat beast
    82 | D        | Reached skill level 27 in Translocations
    82 | D        | Noticed a tyrant
    83 | D        | Killed a meat beast
    83 | D        | Killed a destroyer
    84 | D        | Reached skill level 27 in Spellcasting
    84 | D        | Reached skill level 27 in Transmutations
    84 | D        | Reached skill level 27 in Evocations
    84 | D        | Reached XP level 26. HP: 90/169 MP: 28/55
    84 | D        | Noticed a dread
    85 | D        | Killed a meat beast
    87 | D        | Killed a destroyer
    88 | D        | Noticed an accursed
    89 | D        | Reached skill level 27 in Hexes
    89 | D        | Reached XP level 27. HP: 80/174 MP: 30/55
    89 | D        | Noticed an accursed
    89 | D        | Killed a tyrant
    89 | D        | Noticed a large bag of meat
    90 | D        | Noticed a tyrant
    90 | D        | Killed an accursed
    90 | D        | Noticed a large bag of meat
    91 | D        | Killed a dread
    92 | D        | Killed from afar by a dread

Illustrated notes

Levels and vault maps discovered:
D:        meatsprint

Skill      XL: |  1  2  3  4  5  6  7  8  9 10 11 12 13 14 15 16 17 18 19 20 21 22 23 24 25 26 27 |
---------------+----------------------------------------------------------------------------------+-----
Axes           | 17 22 27 | 27.0
Dodging        | 26 27 | 27.0
Fighting       | 6 13 18 27 | 27.0
Invocations    | 7 15 21 27 | 27.0
Short Blades   | 11 14 21 27 | 27.0
Armour         | 10 14 21 27 | 27.0
Unarmed Combat | 11 16 18 19 20 21 22 23 24 25 26 | 26.6
Spellcasting   | 12 15 18 20 22 24 27 | 27.0
Long Blades    | 1 7 10 12 14 16 18 20 21 | 21.1
Maces & Flails | 1 6 9 11 13 15 17 18 19 | 19.6
Polearms       | 1 6 9 11 13 15 17 18 19 | 19.5
Staves         | 1 6 9 11 13 15 17 18 19 | 19.6
Ranged Weapons | 1 9 12 14 16 19 21 23 24 | 24.5
Throwing       | 1 8 12 14 17 19 21 23 24 | 24.7
Stealth        | 3 8 |  8.7
Shields        | 1 6 9 11 13 15 17 18 19 | 19.6
Conjurations   | 1 6 9 11 13 15 17 18 19 | 19.5
Hexes          | 2 10 14 17 19 22 25 27 | 27.0
Summonings     | 1 7 10 12 14 16 18 19 21 | 21.1
Necromancy     | 1 8 11 13 15 17 19 21 22 | 22.8
Translocations | 2 12 17 20 23 26 27 | 27.0
Transmutations | 2 11 15 18 21 24 27 | 27.0
Fire Magic     | 1 7 10 12 14 16 18 20 21 | 21.2
Ice Magic      | 1 7 10 12 14 16 18 19 21 | 21.0
Air Magic      | 1 8 11 13 15 17 20 21 22 | 22.8
Earth Magic    | 1 8 11 13 15 17 19 21 22 | 22.8
Poison Magic   | 1 8 12 14 16 19 21 23 24 | 24.7
Evocations     | 2 11 16 18 21 24 27 | 27.0

Action                   |  1- 3 |  4- 6 |  7- 9 | 10-12 | 13-15 | 16-18 | 19-21 | 22-24 | 25-27 || total
-------------------------+-------+-------+-------+-------+-------+-------+-------+-------+-------++-------
Melee: Broad axe         |     1 |       |       |     1 |     5 |     9 |    13 |    10 |    11 ||    50
Dodge: Dodged            |       |       |       |       |     1 |     1 |     1 |     1 |       ||     4
